 Dungeon Crawl Stone Soup version 0.26.1-11-gd32895ea62 (webtiles) character file.

Game seed: 7512681148245681043

614 DildoBatman the Conjurer (level 7, -6/50 HPs)
             Began as a Formicid Conjurer on May 14, 2021.
             Mangled by a wolf (12 damage)
             ... on level 5 of the Dungeon.
             The game lasted 00:10:42 (3521 turns).

DildoBatman the Conjurer (Formicid Conjurer)        Turns: 3521, Time: 00:10:43

Health: -6/50      AC:  3    Str: 11    XL:     7   Next: 73%
Magic:  20/24      EV: 12    Int: 20    God:
Gold:   213        SH:  0    Dex:  9    Spells: 13/16 levels left

rFire    . . .     SeeInvis +   a - +2 whip (venom)
rCold    . . .     Faith    .   (no shield)
rNeg     . . .     Spirit   .   q - +0 robe
rPois    .         Reflect  .   (helmet unavailable)
rElec    .         Harm     .   x - +0 cloak
rCorr    .         Rampage  .   (no gloves)
Will     .....                  (no boots)
Stlth    ++........             r - amulet of regeneration
HPRegen  0.56/turn              p - ring of magical power
MPRegen  0.19/turn              (no ring)

@: no status effects
A: permanent stasis, dig shafts and tunnels, four strong arms, antennae 3
a: Dig, Shaft Self


You were on level 5 of the Dungeon.
You visited 1 branch of the dungeon, and saw 5 of its levels.

You collected 213 gold pieces.

Inventory:

Hand Weapons
 a - a +2 whip of venom (weapon)
 b - a +1 dagger of holy wrath
 e - a +0 halberd
Missiles
 d - 37 bolts
 i - 82 stones
 m - 88 sling bullets
 n - 15 arrows
 w - 8 poisoned darts
Armour
 q - a +0 robe (worn)
 x - a +0 cloak (worn)
Jewellery
 p - a ring of magical power (left hand)
 r - an amulet of regeneration (around neck)
Scrolls
 c - a scroll of teleportation {unknown}
 f - a scroll of magic mapping {unknown}
 g - 2 scrolls of amnesia
 h - a scroll of remove curse {unknown}
 v - a scroll of noise {unknown}
 z - 2 scrolls of identify
Potions
 j - 2 potions of invisibility {unknown}
 k - a potion of cancellation {unknown}
 l - a potion of ambrosia {unknown}
 o - a potion of magic {unknown}
 s - a potion of haste {unknown}
 t - a potion of heal wounds {unknown}
 u - a potion of degeneration {unknown}
 y - a potion of brilliance {unknown}
 A - 4 potions of curing {unknown}


   Skills:
 - Level 2.0 Fighting
 - Level 2.0 Armour
 - Level 1.7 Dodging
 - Level 2.4 Stealth
 * Level 5.4 Spellcasting
 - Level 6.0 Conjurations


You had 13 spell levels left.
You knew the following spells:

 Your Spells              Type           Power        Failure   Level
a - Searing Ray           Conj           58%          1%          2
c - Magic Dart            Conj           100%         1%          1

Your spell library contained the following spells:

 Spells                   Type           Power        Failure   Level
 Dazzling Flash           Conj/Hex       34%          10%         3
 Fulminant Prism          Conj/Hex       8%           32%         4
 Iskenderun's Mystic Bla  Conj/Tloc      17%          32%         4


Dungeon Overview and Level Annotations

Branches:
Dungeon (5/15)
 Temple: D:4-7

Altars:
Fedhas
Vehumet

Annotations:
D:1 exclusion: demigod
D:3 Ijyb
D:4 1 runed translucent door, Prince Ribbit; lasso's ghost, amateur MiFi
D:5 exclusions: gnoll shaman, howler monkey, 3 sensed monsters (detected) and 1 more exclusion


Innate Abilities, Weirdness & Mutations

You cannot be hasted, slowed, berserked, paralysed or teleported.
You can dig through walls and to a lower floor.
Your four strong arms can wield two-handed weapons with a shield.
You have a pair of large antennae on your head. (SInv)


Message History

The quokka twitches its whiskers.
The wolf bites you!
Casting: Searing Ray (safe; 1% risk of failure)
Confirm with . or Enter, or press ? or * to list all spells.
Aiming: Searing Ray (safe; 1% risk of failure)
Press: ? - help, Shift-Dir - straight line, f - wolf
Aim: a wolf (34% to evade)
The searing ray hits the wolf.
The wolf is moderately wounded. (Press . to maintain the ray.)
The wolf bites you! The quokka closely misses you.
The searing ray misses the wolf.
The wolf bites you! The quokka barely misses you. The wolf bites you.
The searing ray hits the wolf!
The wolf is heavily wounded.
The wolf bites you!
You die...

##############
#............#
#...###......#
#..#####.....#
#.##$$.r.....##
#.##$$.h@.....#
#.##??.'......#
##..#####......#
#....###)......#
#..............#
#.##....######.#
########.#......#
...
.....).......#..#
..
.#######..#..#..#


You could see a wolf and a quokka.

Vanquished Creatures
  An ogre (D:4)
  A scorpion (D:4)
  A howler monkey (D:5)
  3 hounds
  3 orc wizards
  A gnoll shaman (D:5)
  An orc priest (D:3)
  A worker ant (D:4)
  4 gnolls (D:5)
  3 adders
  An adder skeleton (D:4)
  4 worms
  2 dart slugs
  A leopard gecko (D:2)
  10 orcs
  2 ball pythons (D:3)
  5 bats
  7 giant cockroaches
  10 hobgoblins
  14 jackals
  A quokka (D:3)
  6 frilled lizards
  10 goblins
  6 kobolds
  A leopard gecko zombie (D:5)
  6 rats
105 creatures vanquished.

Notes
Turn   | Place    | Note
-------+----------+-------------------------------------------
     0 | D:1      | DildoBatman the Formicid Conjurer began the quest for the
                  | Orb.
     0 | D:1      | Reached XP level 1. HP: 13/13 MP: 3/3
     2 | D:1      | Noticed a naga
     4 | D:1      | Noticed a troll
     4 | D:1      | Noticed a demigod
     6 | D:1      | Noticed a draconian
     6 | D:1      | Noticed a formicid
     8 | D:1      | Noticed a spriggan
     8 | D:1      | Noticed a vine stalker
    10 | D:1      | Noticed a halfling
    10 | D:1      | Noticed an elf
    12 | D:1      | Noticed a demonspawn
    12 | D:1      | Noticed a gargoyle
    14 | D:1      | Noticed a merfolk
    16 | D:1      | Noticed a minotaur
    18 | D:1      | Noticed a human
    18 | D:1      | Noticed a felid
    20 | D:1      | Noticed a vampire
    20 | D:1      | Noticed a centaur
    22 | D:1      | Noticed an octopode
    24 | D:1      | Noticed an ogre
    24 | D:1      | Noticed a tengu
    26 | D:1      | Noticed a ghoul
    26 | D:1      | Noticed a dwarf
   192 | D:1      | Reached skill level 4 in Conjurations
   192 | D:1      | Reached XP level 2. HP: 11/19 MP: 1/5
   197 | D:1      | Learned a level 2 spell: Searing Ray
   467 | D:1      | Reached XP level 3. HP: 17/24 MP: 4/6
   961 | D:2      | Reached XP level 4. HP: 30/30 MP: 3/7
  1317 | D:2      | Reached skill level 5 in Conjurations
  1697 | D:3      | Noticed Ijyb
  1816 | D:3      | Reached XP level 5. HP: 18/36 MP: 1/8
  1935 | D:3      | Found a blossoming altar of Fedhas.
  2049 | D:3      | Reached skill level 1 in Armour
  2051 | D:3      | Reached skill level 1 in Fighting
  2080 | D:3      | Found a radiant altar of Vehumet.
  2312 | D:3      | Reached XP level 6. HP: 39/44 MP: 8/10
  2481 | D:4      | Found a runed translucent door.
  2481 | D:4      | Noticed lasso's ghost (amateur MiFi)
  2598 | D:4      | Noticed an ogre
  2603 | D:4      | Killed an ogre
  2687 | D:3      | Found a radiant altar of Vehumet.
  2759 | D:4      | Reached XP level 7. HP: 50/50 MP: 12/12
  2920 | D:4      | Reached skill level 6 in Conjurations
  3090 | D:5      | Entered Level 5 of the Dungeon
  3090 | D:5      | Noticed Prince Ribbit
  3406 | D:5      | Reached skill level 5 in Spellcasting
  3521 | D:5      | Mangled by a wolf

Illustrated notes

Levels and vault maps discovered:
D:1:      kb_arrival_jail, layout_rooms, minmay_pentomino_o2
D:2:      layout_basic
D:3:      lemuel_upstairs_altar, layout_basic, vehumet_crystals,
          lemuel_doored_altar, kennysheep_generic_room_4, uniq_ijyb
D:4:      layout_rooms, gammafunk_ghost_grave
D:5:      layout_cave_pools, serial_gnoll_camp, gnoll_camp_mini_hut,
          gnoll_camp_medium_02, gnoll_camp_mini_basic,
          gnoll_camp_mini_loothouse, gnoll_camp_mini_shop, grums_kennel,
          uniq_prince_ribbit1

Skill      XL: |  1  2  3  4  5  6  7 |
---------------+----------------------+-----
Conjurations   | 4 5 6 |  6.0
Armour         | 1 2 |  2.0
Fighting       | 1 2 |  2.0
Spellcasting   | 3 5 |  5.4
Dodging        | |  1.7
Stealth        | |  2.4

Action                   |  1- 3 |  4- 6 |  7- 9 || total
-------------------------+-------+-------+-------++-------
Melee: Unarmed           |    20 |       |       ||    20
       Dagger            |    30 |   102 |    13 ||   145
       Whip              |       |       |     8 ||     8
 Cast: Magic Dart        |    37 |    41 |    19 ||    97
       Searing Ray       |     4 |    12 |     8 ||    24
 Abil: Dig               |     2 |     6 |     2 ||    10
  Use: Scroll            |       |     1 |       ||     1
 Stab: Sleeping          |       |     1 |       ||     1
Armor: Robe              |    15 |    15 |       ||    30
Dodge: Dodged            |    46 |    83 |    17 ||   146
